 Dungeon Crawl Stone Soup version 0.30.1-3-gfc49f6343a (webtiles) character file.

Game seed: 6242219629265106754

243595 airrhodes1 the Severer (level 19, -8/176 (181) HPs)
             Began as a Hill Orc Fighter on Aug 6, 2023.
             Was a Believer of Yredelemnul.
             Killed from afar by a deep elf annihilator (76 damage)
             ... with a crystal spear
             ... on level 3 of the Elven Halls.
             The game lasted 02:15:26 (38634 turns).

airrhodes1 the Severer (Hill Orc Fighter)          Turns: 38634, Time: 02:15:27

HP:   -8/176 (181)  AC: 41    Str: 26    XL:     19   Next: 87%
MP:   27/27         EV:  7    Int: 12    God:    Yredelemnul [**....]
Gold: 1541          SH: 21    Dex:  9    Spells: 18/18 levels left

rFire   + . .        X - +9 broad axe (flame)
rCold   + . .        b - +3 tower shield {rF+}
rNeg    . . .        U - +0 crystal plate armour {rC+}
rPois   +            G - +1 helmet
rElec   .            (no cloak)
rCorr   +            y - +2 pair of gloves
SInv    .            s - +0 pair of boots
Will    +....        Z - amulet of regeneration Stlth
                     Q - +4 ring of protection
HPRegen 1.29/turn    p - ring of resist corrosion
MPRegen 0.20/turn

%: no passive effects
@: lightly drained
A: iridescent scales 2, clever 1, poison resistance
}: 1/15 runes: decaying
a: Renounce Religion, Recall Undead Harvest, Dark Bargain


You were on level 3 of the Elven Halls.
You worshipped Yredelemnul.
Yredelemnul was aware of your devotion.
You visited 5 branches of the dungeon, and saw 29 of its levels.
You also visited: Ice Cave.

You collected 3793 gold pieces.
You spent 2252 gold pieces at shops.

Inventory:

Hand Weapons
 X - a +9 broad axe of flaming (weapon)
Missiles
 l - 46 poisoned darts
 n - a curare-tipped dart (quivered)
Armour
 b - a +3 tower shield of fire resistance (worn)
 k - a scarf of harm
 o - a +1 cloak
 s - a +0 pair of boots (worn)
 y - a +2 pair of gloves (worn)
 C - the +2 ring mail "Fariango" {rElec rF+}
   (You bought it in a shop on level 7 of the Dungeon)

   rF:        It protects you from fire.
   rElec:     It insulates you from electricity.
 D - the +2 ring mail "Jefriemm" {rF- Dex+2 Slay+4 Stlth+}
   (You found it on level 7 of the Dungeon)

   Dex:       It affects your dexterity (+2).
   Slay:      It affects your accuracy & damage with ranged weapons and melee
   (+4).
   rF:        It makes you vulnerable to fire.
   Stlth:     It makes you more stealthy.
 G - a +1 helmet (worn)
 J - the +4 Cigotuvi's embrace {Corpsefed rMiasma Drain rN+}
   (You found it on level 9 of the Dungeon)

   Corpsefed: It gathers nearby corpses to temporarily increase the armour it
   provides.
   rMiasma:   It protects you from foul pestilence.
   rN:        It protects you from negative energy.
   Drain:     It drains your maximum health when unequipped.
 S - a +2 tower shield of cold resistance
 U - a +0 crystal plate armour of cold resistance (worn)
 Y - a +1 leather armour of resistance
Jewellery
 p - a ring of resist corrosion (right hand)
 N - an amulet of reflection
 O - a ring of see invisible
 Q - a +4 ring of protection (left hand)
 V - a ring of protection from fire
 Z - an amulet of regeneration (around neck)
Wands
 f - a wand of iceblast (18)
 q - a wand of mindburst (14)
 w - a wand of charming (20)
 x - a wand of polymorph (9)
 E - a wand of light (34)
 F - a wand of flame (49)
 L - a wand of digging (6)
Scrolls
 c - 3 scrolls of fog
 g - 6 scrolls of fear
 h - 5 scrolls of magic mapping
 j - 2 scrolls of torment
 t - 2 scrolls of immolation
 z - 6 scrolls of identify
 H - 11 scrolls of teleportation
 M - a scroll of brand weapon
 P - a scroll of blinking
 T - a scroll of enchant weapon
Potions
 a - 3 potions of haste
 d - 3 potions of might
 e - 3 potions of resistance
 i - 5 potions of invisibility
 m - 6 potions of attraction
 r - a potion of ambrosia
 u - 9 potions of curing
 v - 3 potions of lignification
 A - 5 potions of flight
 B - 4 potions of berserk rage
 I - a potion of mutation
 W - 3 potions of heal wounds
Miscellaneous
 K - a lightning rod (4/4)
 R - a phantom mirror


   Skills:
 + Level 18.9 Fighting
 + Level 19.9(20.9) Axes
 + Level 9.4(14.3) Maces & Flails
 + Level 17.2 Armour
 - Level 9.2 Dodging
 + Level 17.1 Shields
 - Level 10.9 Invocations


You had 18 spell levels left.
You didn't know any spells.
Your spell library contained the following spells:

 Spells                   Type           Power      Damage    Failure   Level
 Magic Dart               Conj           0%         1d3       100%        1
 Necrotise                Necr           0%         1d4       100%        1
 Shock                    Conj/Air       0%         1d3       100%        1
 Summon Small Mammal      Summ           0%         N/A       100%        1
 Ensorcelled Hibernation  Hex/Ice        0%         N/A       100%        2
 Lesser Beckoning         Tloc           0%         N/A       100%        2
 Passwall                 Tmut/Erth      0%         N/A       100%        2
 Searing Ray              Conj           0%         2d4       100%        2
 Call Canine Familiar     Summ           0%         N/A       100%        3
 Frozen Ramparts          Ice            0%         1d1       100%        3
 Gell's Gravitas          Tloc           0%         N/A       100%        3
 Portal Projectile        Hex/Tloc       0%         N/A       100%        3
 Summon Guardian Golem    Hex/Summ       0%         N/A       100%        3
 Swiftness                Air            0%         N/A       100%        3
 Teleport Other           Tloc           0%         N/A       100%        3
 Vampiric Draining        Necr           0%         2d6       100%        3
 Airstrike                Air            0%         2d(0-16)  100%        4
 Fulminant Prism          Conj/Hex       0%         3d5       100%        4
 Ice Form                 Ice/Tmut       0%         N/A       100%        4
 Leda's Liquefaction      Hex/Erth       0%         N/A       100%        4
 Summon Ice Beast         Ice/Summ       0%         N/A       100%        4
 Agony                    Necr           0%         N/A       100%        5
 Borgnjor's Vile Clutch   Necr/Erth      0%         N/A       100%        5
 Haunt                    Necr/Summ      0%         N/A       100%        7
 Ozocubu's Refrigeration  Ice            0%         4d7       100%        7
 Infestation              Necr           0%         N/A       100%        8
 Polar Vortex             Ice            0%         N/A       100%        9
 Animate Dead             Necr           Unusable   N/A       N/A         4
 Death Channel            Necr           Unusable   N/A       N/A         6
 Simulacrum               Ice/Necr       Unusable   N/A       N/A         6

Dungeon Overview and Level Annotations

Branches:
Dungeon (15/15)            Temple (0/1) D:7            Lair (5/5) D:9
  Swamp (4/4) Lair:3        Snake (0/4) Lair:3        Slime (0/5) Lair:5
    Orc (2/2) D:12            Elf (3/3) Orc:2        Vaults (0/5) D:13
 Depths (0/4) D:15          IceCv (visited)

Altars:
Ashenzari
Cheibriados
Dithmenos
Gozag
Kikubaaqudgha
Makhleb
Qazlal
Ru
Trog
Uskayaw
Xom
Yredelemnul
Beogh

Shops:
D:2 *   D:5 [   D:7 [:(   D:10 [   D:11 (?   D:15 =   Orc:2 *(*=**:[!   Elf:2 (
Elf:3 !

Annotations:
D:4 Edmund
D:6 2 exclusions
D:10 exclusion: downstairs
D:12 exclusion: door
Lair:1 exclusion: burning bush
Lair:2 exclusion: downstairs
Swamp:4 Lernaean hydra
Elf:3 1 exclusion


Innate Abilities, Weirdness & Mutations

You are mostly covered in iridescent scales. (AC +4)
Your mind is acute. (Int +4, Str/Dex -1)
Your system is resistant to poisons. (rPois)


Message History

The deep elf death mage hits your deep elf pyromancer zombie with a +0 dagger!
The deep elf high priest hits your deep elf pyromancer zombie with a +0 short sword.
Your deep elf pyromancer zombie barely misses the ghostly deep elf high priest.
You slash the deep elf blademaster! You burn the deep elf blademaster.
The deep elf blademaster is almost dead.
You closely miss the ghostly deep elf high priest.
The deep elf elementalist casts a spell next to the earth elemental.
Some walls begin to move on their own!
The deep elf blademaster hits your deep elf pyromancer zombie with a +0 rapier!! x2
Your deep elf knight zombie misses the deep elf blademaster.
Your deep elf pyromancer zombie hits the deep elf blademaster but does no damage.
The deep elf annihilator casts a spell.
The deep elf annihilator blinks!
A deep elf high priest comes into view. It is wielding a +0 scimitar.
The deep elf annihilator hits your deep elf knight zombie with a +0 long sword!
The ghostly deep elf high priest utters a dark prayer and points at you.
Your life force is offered up.
The deep elf death mage is healed.
The deep elf blademaster is healed.
The ghostly deep elf high priest is healed.
The deep elf high priest hits your deep elf pyromancer zombie with a +0 short sword!
Your deep elf pyromancer zombie is destroyed!
The deep elf death mage barely misses your deep elf pyromancer zombie.
The deep elf annihilator gestures wildly while chanting.
The deep elf annihilator blinks!
You hear a shout! x3
Some walls begin to move on their own!
The deep elf blademaster hits you with a +0 rapier.
The deep elf blademaster hits you but does no damage.
Your deep elf pyromancer zombie hits the ghostly deep elf high priest but does no damage.
Your deep elf knight zombie hits the deep elf annihilator.
The deep elf annihilator mumbles some strange words.
The deep elf annihilator blinks!
The deep elf death mage hits your deep elf pyromancer zombie with a +0 dagger!
The ghostly deep elf high priest closely misses you.
The deep elf annihilator points at you and mumbles some strange words.
The crystal spear hits you!!!
The deep elf annihilator points at you and mumbles some strange words.
The crystal spear hits you!!!!
You die...
Your body rises from the dead as a mindless zombie.

#...........#
#...........#
#...........#
#...........#
#.......[...#
e###....$..###.
...##.....##...
....###.###....
......)@Z......
.....e.eee§....
.....§Ze.......
#...e..e*.....#
###e.Ee.....###
#..e.e...##
....E..e###
..e.E.e..# E.
....E.#


You could see 2 deep elf blademasters, 4 deep elf annihilators, a deep elf death
mage (empowered, ally target), 3 deep elf sorcerers, a deep elf elementalist
(fast, empowered, repels missiles), 2 deep elf high priests, a ghostly deep elf
high priest (brilliance aura), 3 earth elementals, a lost soul (summoned), a
friendly deep elf knight zombie and a friendly deep elf pyromancer zombie.

Vanquished Creatures
  Rupert (Lair:3)
  Frances (D:13)
  3 thorn hunters (Swamp:1)
  Donald (Swamp:1)
  A frost giant (IceCv)
  An orc warlord (Orc:2)
  Louise (Swamp:4)
  3 deep elf demonologists (Elf:3)
  3 eleionomae
  2 bunyips
  Snorg (D:13)
  An ettin (Orc:2)
  A deep elf high priest (Elf:3)
  25 hydras
  7 vault guards (D:13)
  2 catoblepae
  A ghost crab (Swamp:3)
  3 ogre magi
  5 centaur warriors
  12 two-headed ogres
  6 boulder beetles
  3 alligators
  An orc high priest (Orc:1)
  11 death yaks
  24 dancing weapons
  Nergalle (Orc:1)
  11 deep elf knights
  3 skeletal warriors (D:11)
  A fire crab (D:11)
  A skyshark (Lair:2)
  A goliath frog (Swamp:2)
  2 spriggan druids
  Lodul (D:12)
  2 spriggan riders
  2 deep trolls (Orc:2)
  11 bog bodies
  13 deep elf pyromancers
  6 swamp dragons
  A steelbarb worm (shapeshifter) (Elf:1)
  2 lindwurms (Lair:5)
  2 orc knights (Orc:1)
  13 deep elf zephyrmancers
  4 deep elf archers
  17 ugly things
  2 orc sorcerers (Orc:1)
  3 manticores
  5 cyclopes
  8 elephants
  3 centaur zombies (D:9)
  3 will-o-the-wisps
  A moth of wrath (Lair:5)
  An ice statue (IceCv)
  5 black mambas
  3 unseen horrors
  A cane toad (Lair:4)
  Psyche (D:10)
  3 rime drakes
  3 efreet
  A centaur skeleton (D:9)
  2 kobold demonologists (D:13)
  2 tengu conjurers (D:15)
  8 komodo dragons
  11 trolls
  3 hellwings (D:9)
  5 meliai (D:14)
  13 polar bears
  A bloated husk (Swamp:1)
  2 tyrant leeches (Swamp:4)
  A hornet (shapeshifter) (Elf:2)
  A harpy skeleton (D:9)
  2 hornets
  4 blink frogs
  A meliai zombie (D:9)
  A raiju (Lair:5)
  An air elemental (Elf:3)
  13 dream sheep
  2 spriggans
  7 slime creatures
  A shadow (D:11)
  2 wyverns
  A centaur simulacrum (D:14)
  44 yaks
  3 water elementals
  5 wraiths (D:13)
  3 fire elementals
  2 basilisks
  9 vampire mosquitoes
  5 wargs
  A naga (Lair:3)
  14 hell hounds
  19 swamp worms
  9 water moccasins
  22 orc warriors
  An ice beast (D:8)
  9 black bears
  7 swamp drakes
  2 sky beasts
  26 ogres
  24 wolves
  9 centaurs
  3 kobold brigands
  6 bullfrogs
  A scorpion (D:5)
  An earth elemental (Elf:3)
  5 wights (D:8)
  A killer bee (shapeshifter) (D:15)
  3 killer bees (D:10)
  5 electric eels
  6 howler monkeys
  A vampire bat (Lair:3)
  4 crimson imps (D:10)
  A hound (D:7)
  21 orc priests
  A sleepcap (D:5)
  4 iguanas
  A scorpion zombie (D:3)
  18 orc wizards
  6 hell rats
  11 adders
  6 gnolls
  11 river rats (Lair:1)
  A shadow imp (D:10)
  3 white imps
  An ufetubus (D:5)
  3 worms
  5 dart slugs
  74 orcs
  7 endoplasms
  3 giant cockroaches
  6 goblins
  8 hobgoblins
  16 kobolds
  8 quokkas
  3 ball pythons
  6 bats
  6 frilled lizards
  A giant cockroach zombie (D:3)
  6 rats
828 creatures vanquished.

Vanquished Creatures (collateral kills)
  Jorgrun (D:12)
  A deep elf sorcerer (Elf:1)
  A deep elf annihilator (Elf:2)
  2 bunyips (Swamp:3)
  A fire dragon (D:15)
  A vault guard (D:13)
  Fannar (D:11)
  A spriggan air mage (Swamp:3)
  A hydra (Swamp:1)
  2 alligators
  4 dancing weapons
  8 death yaks
  A tengu warrior (D:15)
  An orc high priest (Orc:1)
  3 two-headed ogres
  3 deep elf knights
  A skyshark (Lair:4)
  A skeletal warrior (D:11)
  2 swamp dragons (Swamp:4)
  A deep elf archer (Elf:1)
  2 bog bodies (Swamp:3)
  6 deep elf zephyrmancers
  3 ugly things
  4 deep elf pyromancers
  A manticore (Lair:5)
  2 will-o-the-wisps
  2 elephants (Lair:4)
  3 black mambas
  4 cane toads
  2 kobold demonologists
  3 komodo dragons
  An efreet (D:15)
  5 rime drakes
  3 trolls (Orc:2)
  A meliai (D:14)
  12 polar bears
  A hornet (Swamp:3)
  2 raiju (Lair:5)
  2 tyrant leeches
  6 blink frogs
  A shadow (D:12)
  2 dream sheep
  4 slime creatures
  A spriggan (Swamp:3)
  A water elemental (Elf:2)
  A vampire (D:11)
  A wyvern (Lair:5)
  Grum (D:9)
  27 yaks
  A vampire mosquito (D:12)
  3 basilisks
  A golden eye (Lair:1)
  Menkaure (D:7)
  3 wargs (Lair:5)
  An acid dragon (D:10)
  A naga (Lair:3)
  A swamp worm (Lair:5)
  2 hell hounds (Lair:5)
  8 water moccasins
  4 orc warriors
  4 swamp drakes
  6 black bears
  4 ogres
  3 centaurs
  8 wolves
  3 bullfrogs
  A gnoll sergeant (D:9)
  2 scorpions (D:9)
  A killer bee (D:10)
  A vampire bat (Lair:3)
  A howler monkey (D:9)
  A crimson imp (D:10)
  4 orc priests
  A gnoll bouda (D:5)
  A hound (D:7)
  A sleepcap (D:6)
  2 orc wizards (Orc:2)
  A hell rat (Lair:1)
  8 gnolls
  5 river rats (Lair:1)
  A white imp (D:10)
  9 orcs
  3 bats
  6 kobolds
  An orc zombie (Orc:2)
  2 rats (Lair:1)
247 creatures vanquished.

Vanquished Creatures (others)
  3 spectral efreet
  A two-headed ogre (D:11)
  2 deep elf knights (Elf:2)
  A spectral hydra (Lair:4)
  A bunyip zombie (Swamp:4)
  A spectral human (D:14)
  4 ugly thing zombies (D:15)
  A deep elf pyromancer (D:15)
  A spectral swamp dragon (Swamp:4)
  4 death yak zombies
  2 swamp worm zombies
  3 bloated husks
  2 human zombies
  6 hydra zombies
  A boulder beetle zombie (D:13)
  An alligator zombie (Swamp:1)
  A black mamba zombie (Lair:4)
  4 slime creature zombies
  A wyvern (D:9)
  2 tyrant leech zombies (Swamp:4)
  16 elf zombies
  4 two-headed ogre zombies
  2 hell hounds (D:12)
  An elephant zombie (Lair:3)
  2 hornet zombies
  3 swamp dragon zombies
  An orc warrior (Orc:2)
  An ogre (Orc:2)
  3 vampire mosquito zombies
  2 rime drake zombies
  4 hell hound zombies
  2 wyvern zombies
  A cyclops zombie (Orc:2)
  7 water moccasin zombies
  7 troll zombies
  2 spriggan zombies
  A warg zombie (Orc:1)
  9 yak zombies
  5 polar bear zombies
  11 wolf zombies
  A bullfrog zombie (D:6)
  7 centaur zombies
  3 black bear zombies (Lair:5)
  A basilisk zombie (D:11)
  A scorpion zombie (D:9)
  An orc wizard (D:12)
  A killer bee zombie (D:10)
  13 ogre zombies
  3 howler monkey zombies (D:9)
  4 hell rat zombies
  A spectral crimson imp (D:10)
  4 swamp drake zombies
  An ufetubus (D:5)
  An iguana zombie (D:6)
  2 adder zombies (D:6)
  A bat zombie (Lair:3)
  4 gnoll zombies
  11 kobold zombies
  49 orc zombies
  2 quokka zombies (Lair:1)
  A rat zombie (Lair:1)
  4 river rat zombies (Lair:1)
  A spectral ufetubus (D:5)
  29 foxfires
272 creatures vanquished.

Grand Total: 1347 creatures vanquished

Notes
Turn   | Place    | Note
-------+----------+-------------------------------------------
     0 | D:1      | airrhodes1 the Hill Orc Fighter began the quest for the
                  | Orb.
     0 | D:1      | Reached XP level 1. HP: 19/19 MP: 1/1
   279 | D:1      | Reached XP level 2. HP: 24/27 MP: 2/2
   282 | D:1      | Reached skill level 3 in Axes
   446 | D:1      | Found a faded altar of an unknown god.
   919 | D:2      | Found Nodeso's General Store.
   990 | D:2      | Bought 3 poisoned darts for 21 gold pieces
  1012 | D:2      | Reached XP level 3. HP: 27/33 MP: 3/3
  1265 | D:2      | Reached XP level 4. HP: 25/40 MP: 4/4
  1938 | D:3      | Reached skill level 4 in Axes
  1966 | D:3      | Found a large runed translucent door.
  1967 | D:3      | Found a large runed translucent door.
  2023 | D:3      | Found a snail-covered altar of Cheibriados.
  2031 | D:3      | Reached XP level 5. HP: 47/47 MP: 5/5
  2083 | D:3      | Found an ancient bone altar of Kikubaaqudgha.
  2295 | D:3      | Found a basalt altar of Yredelemnul.
  2398 | D:3      | Became a worshipper of Yredelemnul the Dark
  2755 | D:3      | Found a faded altar of an unknown god.
  2758 | D:3      | Found a shimmering altar of Xom.
  2801 | D:3      | Reached * piety under Yredelemnul
  2825 | D:3      | Reached skill level 1 in Invocations
  2847 | D:3      | Reached XP level 6. HP: 55/55 MP: 6/6
  2927 | D:3      | Found a bloodstained altar of Trog.
  2932 | D:3      | Reached skill level 5 in Fighting
  2948 | D:3      | Reached ** piety under Yredelemnul
  2951 | D:3      | Found an opulent altar of Gozag.
  3113 | D:4      | Noticed Edmund
  3432 | D:4      | You fall into a shaft and drop 2 floors!
  3443 | D:6      | Noticed a sky beast
  3448 | D:5      | Entered Level 5 of the Dungeon
  3534 | D:5      | Reached skill level 5 in Axes
  3726 | D:5      | Gained mutation: You are somewhat resistant to further
                  | mutation. [potion of mutation]
  3727 | D:5      | Lost mutation: You are somewhat resistant to further
                  | mutation. [potion of mutation]
  3727 | D:5      | Gained mutation: You occasionally lose the ability to drink
                  | potions when taking damage. [potion of mutation]
  3728 | D:5      | Lost mutation: You occasionally lose the ability to drink
                  | potions when taking damage. [potion of mutation]
  3728 | D:5      | Gained mutation: You are dopey. (Int -2) [potion of
                  | mutation]
  3728 | D:5      | Gained mutation: You are partially covered in iridescent
                  | scales. (AC +2) [potion of mutation]
  3728 | D:5      | Gained mutation: You passively dampen the noise of your
                  | surroundings. [potion of mutation]
  3728 | D:5      | Gained mutation: You have a somewhat thin skeletal
                  | structure. (Dex +2, Stealth+) [potion of mutation]
  3745 | D:5      | Found a stormy altar of Qazlal.
  3751 | D:5      | Reached XP level 7. HP: 61/61 MP: 8/8
  3819 | D:5      | Reached skill level 5 in Armour
  3824 | D:5      | Reached skill level 5 in Shields
  3911 | D:5      | Found Bachaow's Antique Armour Shop.
  4552 | D:6      | Reached XP level 8. HP: 61/70 MP: 10/10
  4711 | D:6      | Reached skill level 6 in Axes
  4811 | D:6      | Noticed a two-headed ogre
  4853 | D:6      | Noticed a two-headed ogre
  4857 | D:6      | Killed a two-headed ogre
  4858 | D:6      | Reached skill level 5 in Invocations
  4972 | D:7      | Reached skill level 7 in Axes
  5005 | D:7      | Reached XP level 9. HP: 45/79 MP: 13/13
  5150 | D:7      | Noticed Maggie
  5153 | D:7      | Maggie changed into Maggie the water moccasin
  5153 | D:7      | Noticed Maggie
  5159 | D:7      | Killed Maggie the water moccasin
  5219 | D:7      | Found Heutadden's Book Shoppe.
  5237 | D:7      | Found a staircase to the Ecumenical Temple.
  5249 | D:7      | Found Leaddal's Antique Armour Boutique.
  5266 | D:7      | Noticed Menkaure
  5273 | D:7      | Killed Menkaure
  5387 | D:7      | Bought a faintly glowing ring mail for 279 gold pieces
  5387 | D:7      | Identified the +2 ring mail "Fariango" {rElec rF+} (You
                  | bought it in a shop on level 7 of the Dungeon)
  5571 | D:7      | Found Fietacwi's Weapon Shoppe.
  5787 | D:7      | Identified the +2 ring mail "Jefriemm" {rF- Dex+2 Slay+4
                  | Stlth+}
  5988 | D:8      | Reached skill level 8 in Axes
  6572 | D:8      | Lost mutation: You have a somewhat thin skeletal structure.
                  | (Dex +2, Stealth+) [potion of mutation]
  6572 | D:8      | Lost mutation: You passively dampen the noise of your
                  | surroundings. [potion of mutation]
  6572 | D:8      | Lost mutation: You are dopey. (Int -2) [potion of mutation]
  6572 | D:8      | Gained mutation: Your mind is acute. (Int +4, Str/Dex -1)
                  | [potion of mutation]
  6572 | D:8      | Gained mutation: You are mostly covered in iridescent
                  | scales. (AC +4) [potion of mutation]
  6572 | D:8      | Gained mutation: Your system is resistant to poisons.
                  | (rPois) [potion of mutation]
  6688 | D:9      | Noticed a troll
  6695 | D:9      | Killed a troll
  6708 | D:9      | Noticed Grum
  6716 | D:9      | Killed Grum
  6717 | D:9      | Reached XP level 10. HP: 81/90 MP: 11/15
  6820 | D:9      | Reached *** piety under Yredelemnul
  7015 | D:9      | Reached skill level 9 in Axes
  7170 | D:10     | Entered Level 10 of the Dungeon
  7672 | D:9      | Reached skill level 10 in Axes
  7672 | D:9      | Reached XP level 11. HP: 82/97 MP: 17/17
  7834 | D:9      | Found a staircase to the Lair.
  7933 | D:9      | Found the +4 Cigotuvi's embrace {Corpsefed rMiasma Drain
                  | rN+}
  7986 | D:10     | Noticed a two-headed ogre
  8005 | D:10     | Killed a two-headed ogre
  8172 | D:10     | Reached skill level 10 in Fighting
  8200 | D:10     | Reached **** piety under Yredelemnul
  8213 | D:10     | Reached ***** piety under Yredelemnul
  8456 | D:10     | Found a sacrificial altar of Ru.
  8513 | D:10     | Found Gimato's Armour Emporium.
  8514 | D:10     | Noticed Psyche
  8535 | D:10     | Killed Psyche
  9227 | D:11     | Noticed a boulder beetle
  9249 | D:11     | Killed a boulder beetle
  9331 | D:11     | Noticed a boulder beetle
  9340 | D:11     | Noticed a soul eater
  9408 | D:11     | Killed a boulder beetle
  9409 | D:11     | Reached skill level 10 in Invocations
  9637 | D:11     | Noticed Fannar
  9709 | Lair:1   | Entered Level 1 of the Lair of Beasts
  9867 | Lair:1   | Reached skill level 11 in Axes
  9911 | Lair:1   | Noticed a boulder beetle
  9927 | Lair:1   | Killed a boulder beetle
  9946 | Lair:1   | Reached skill level 1 in Dodging
 10058 | Lair:1   | Reached skill level 10 in Armour
 10062 | Lair:1   | Reached skill level 10 in Shields
 10068 | Lair:1   | Reached XP level 12. HP: 43/108 MP: 16/19
 10928 | Lair:2   | Identified the +1 falchion of Qazlal {pain, rElec rF+
                  | Str+3}
 11039 | Lair:2   | You fall into a shaft and drop 1 floor!
 11039 | Lair:3   | Found a staircase to the Swamp.
 11368 | Lair:2   | Noticed a skyshark
 11382 | Lair:2   | Killed a skyshark
 11383 | Lair:2   | Reached skill level 12 in Axes
 12593 | Lair:3   | Noticed Rupert
 13043 | D:11     | Noticed a boulder beetle
 13046 | D:11     | Noticed a two-headed ogre
 13072 | D:11     | Killed a boulder beetle
 13316 | D:11     | Found Jiur's Magic Scroll Emporium.
 13372 | D:11     | Noticed Sonja
 13373 | D:11     | Sonja changed into Sonja the black mamba
 13373 | D:11     | Noticed Sonja
 13381 | D:11     | Killed Sonja the black mamba
 13604 | D:11     | Found Onaigafif's Weapon Boutique.
 13791 | D:11     | Killed Fannar
 13815 | D:11     | Your ally Fannar died
 13879 | D:11     | Noticed Urug
 13880 | D:11     | Urug changed into Urug the fire crab
 13880 | D:11     | Noticed Urug
 13891 | D:11     | Killed Urug the fire crab
 13977 | D:11     | Reached XP level 13. HP: 99/118 MP: 20/20
 14415 | Lair:3   | Killed Rupert
 14416 | Lair:3   | Reached skill level 13 in Axes
 14928 | Lair:3   | Found a staircase to the Snake Pit.
 14984 | Lair:3   | Found a hide-covered altar of Uskayaw.
 15210 | Lair:3   | Reached skill level 5 in Dodging
 16578 | Lair:4   | Found a frozen archway.
 16579 | Lair:4   | Noticed an ice dragon
 16640 | Lair:4   | Reached skill level 14 in Axes
 16649 | Lair:4   | Killed an ice dragon
 16649 | Lair:4   | Enslaved an ice dragon
 16935 | IceCv    | Entered an ice cave
 16996 | IceCv    | Reached XP level 14. HP: 96/129 MP: 19/21
 18052 | IceCv    | Noticed a frost giant
 18244 | IceCv    | Killed a frost giant
 18985 | Lair:4   | Identified the +0 robe "Myjioxy" {rPois}
 19273 | Lair:4   | Identified the +7 flail "Coylanix" {drain, rF+ rC- Dex+3}
 19288 | Lair:4   | Reached skill level 15 in Axes
 19618 | Lair:5   | Entered Level 5 of the Lair of Beasts
 19911 | Lair:5   | Reached ****** piety under Yredelemnul
 20069 | Lair:5   | Reached XP level 15. HP: 139/139 MP: 22/22
 20867 | Lair:5   | Reached skill level 15 in Fighting
 20948 | Lair:5   | Reached skill level 16 in Axes
 21057 | Lair:5   | Found a staircase to the Slime Pits.
 22852 | D:12     | Noticed Lodul
 22864 | D:12     | Killed Lodul
 22921 | D:12     | Found a staircase to the Orcish Mines.
 23044 | D:12     | Noticed Azrael
 23343 | D:12     | Noticed Jorgrun
 23354 | D:12     | Killed Azrael
 23354 | D:12     | Enslaved Azrael
 23390 | D:12     | Your ally Azrael died
 24023 | D:12     | Killed Jorgrun
 24066 | Orc:1    | Entered Level 1 of the Orcish Mines
 24293 | D:13     | Noticed Snorg
 24305 | D:13     | Killed Snorg
 24406 | D:13     | Found a gate to the Vaults.
 24431 | D:13     | Reached XP level 16. HP: 149/149 MP: 23/23
 24704 | D:13     | Noticed Josephine
 24715 | D:13     | Killed Josephine
 24715 | D:13     | Enslaved Josephine
 25354 | D:14     | Your ally Josephine died
 25696 | D:13     | Noticed Frances
 25826 | Orc:1    | Noticed Nergalle
 25838 | Orc:1    | Killed Nergalle
 26213 | Orc:1    | Reached skill level 17 in Axes
 26243 | Orc:1    | Found a roughly hewn altar of Beogh.
 26363 | Orc:2    | Entered Level 2 of the Orcish Mines
 26391 | Orc:2    | Found Leuskerch's Book Boutique.
 26411 | Orc:2    | Found Ruyc's Distillery.
 26425 | Orc:2    | Bought a potion of experience for 900 gold pieces
 26425 | Orc:2    | Bought a potion of resistance for 180 gold pieces
 26467 | Orc:2    | Found a staircase to the Elven Halls.
 26614 | Orc:2    | Found Agivemu's General Store.
 26638 | Orc:2    | Found Mim Leso's Assorted Antiques.
 26662 | Orc:2    | Found Syffenoth's Armour Shop.
 26663 | Orc:2    | Bought 2 scrolls of identify for 144 gold pieces
 26663 | Orc:2    | Bought a scroll of teleportation for 108 gold pieces
 26663 | Orc:2    | Bought a potion of mutation for 288 gold pieces
 26731 | Orc:2    | Found Jeatur's Assorted Antiques.
 26737 | Orc:2    | Found Poucluess's Assorted Antiques.
 26753 | Orc:2    | Reached skill level 15 in Armour
 26771 | Orc:2    | Reached skill level 15 in Shields
 26842 | Orc:2    | Found Seuph's Jewellery Boutique.
 26843 | Orc:2    | Bought a scroll of identify for 44 gold pieces
 26843 | Orc:2    | Bought a scroll of blinking for 165 gold pieces
 26850 | Orc:2    | Found Pahatzy's Weapon Emporium.
 26917 | Orc:2    | Bought a scroll of identify for 26 gold pieces
 26917 | Orc:2    | Bought a scroll of enchant armour for 97 gold pieces
 27230 | D:13     | Killed Frances
 27265 | D:14     | Reached skill level 1 in Maces & Flails
 27865 | D:15     | Entered Level 15 of the Dungeon
 27911 | D:15     | Reached XP level 17. HP: 97/160 MP: 24/24
 27944 | D:15     | Reached XP level 18. HP: 73/169 MP: 24/26
 28391 | D:15     | Found a staircase to the Depths.
 28451 | D:15     | Found an ornate altar of the Wu Jian Council.
 28454 | D:15     | Found a shadowy altar of Dithmenos.
 28454 | D:15     | Found a shadowy altar of Dithmenos.
 28463 | D:15     | Found a broken altar of Ashenzari.
 28463 | D:15     | Found a shimmering altar of Xom.
 28463 | D:15     | Found a broken altar of Ashenzari.
 28501 | D:15     | Reached skill level 5 in Maces & Flails
 28534 | D:15     | Found Huhachaqym's Jewellery Boutique.
 28723 | Elf:1    | Entered Level 1 of the Elven Halls
 28735 | Elf:1    | Reached skill level 18 in Axes
 28893 | Elf:1    | Identified the +2 robe of Janteysm {rElec rC+ MP+9}
 29819 | Elf:2    | Found Vejewik's Weapon Shoppe.
 30064 | Elf:2    | Found a huge runed translucent gate.
 30064 | Elf:2    | Found a huge runed translucent gate.
 30076 | Elf:2    | Found a huge runed translucent gate.
 30076 | Elf:2    | Found a huge runed translucent gate.
 30077 | Elf:2    | Found a huge runed translucent gate.
 31655 | Swamp:1  | Entered Level 1 of the Swamp
 31655 | Swamp:1  | Found a burning altar of Makhleb.
 31771 | Swamp:1  | Reached XP level 19. HP: 154/179 MP: 27/27
 31812 | Swamp:1  | Noticed Donald
 31830 | Swamp:1  | Killed Donald
 31885 | Swamp:1  | Your ally Donald died
 31900 | Swamp:1  | Reached skill level 19 in Axes
 32099 | Swamp:1  | You fall into a shaft and drop 1 floor!
 33726 | Swamp:4  | Entered Level 4 of the Swamp
 33835 | Swamp:4  | Noticed Louise
 33844 | Swamp:4  | Killed Louise
 33863 | Swamp:4  | Noticed the 27-headed Lernaean hydra
 33863 | Swamp:4  | Found the crystal ball of Wucad Mu {*channel}
 35478 | Swamp:4  | Got a decaying rune of Zot
 37897 | Elf:3    | Entered Level 3 of the Elven Halls
 38094 | Elf:3    | Found Acwar's Distillery.
 38320 | Elf:3    | Paralysed by an air elemental for 1 turns
 38634 | Elf:3    | Killed from afar by a deep elf annihilator

Illustrated notes

Levels and vault maps discovered:
D:1:      dpeg_chamrin_arrival_tetris, layout_basic,
          ebering_ecumenical_altar_box
D:2:      kennysheep_big_flooded_room, layout_basic, serial_shops,
          nicolae_shop_stone, nicolae_figureground_sparkle
D:3:      minmay_bubble_buster, layout_rooms, mainiacjoe_overflow_cross_hatched,
          lemuel_round_altar, nicolae_overflow_ecumenical_swirl,
          lemuel_zombie_altar_yredelemnul, jmf_multi_god_temple2
D:4:      layout_cave_pools, nemelex_diamond_rough_becter,
          mainiacjoe_overflow_chevrons, uniq_robin, uniq_natasha, uniq_edmund
D:5:      layout_rooms, overflow_temple_1_default, serial_shops,
          nicolae_diamond_shop
D:6:      minmay_opposing_rooms, layout_loops_ring, uniq_pikel
D:7:      layout_basic, minmay_temple_entry_steel_oval, serial_shops, shop,
          nicolae_shop_rolling_square, shop, uniq_menkaure, uniq_maggie
D:8:      layout_rooms
D:9:      layout_cave_pools, grunt_lair_entry_orc_guard_hut,
          amcnicky_mini_pool_small, hellmonk_guarded_unrand_cigotuvi, uniq_grum
D:10:     layout_basic, nicolae_ru_the_path_less_chosen, serial_shops,
          kennysheep_little_box, minmay_nine_imps, uniq_psyche
D:11:     layout_basic, serial_shops, nicolae_shop_tiny_glass,
          nicolae_take_the_stairs, uniq_sonja, uniq_urug, uniq_fannar
D:12:     layout_roguey, david_orc_1_choice, uniq_lodul, uniq_azrael,
          uniq_jorgrun
D:13:     layout_irregular_city, erik_vaults_2, serial_column_ruins,
          column_ruins_hut_pillars, column_ruins_open_small,
          column_ruins_open_small, column_ruins_corridor_plus,
          column_ruins_open_tiny, column_ruins_corridor_straight,
          column_ruins_columns_dead_end, column_ruins_open_tiny, uniq_snorg,
          uniq_frances, uniq_josephine
D:14:     layout_grid_maze, kennysheep_generic_room_10
D:15:     grunt_enter_depths_hoard, layout_cross, doesnt_xom_only_xom,
          serial_shops, nicolae_shop_real_fake_doors, minivault_24
Lair:1:   lemuel_ratsnest, layout_cave_pods, evilmike_ambush
          [evilmike_ambush_outer_basic, evilmike_ambush_inner_pond],
          infiniplex_staircase_pool
Lair:2:   layout_small_grid, grunt_megastairs_1
Lair:3:   layout_gridlike, skrybe_swamp_entry_bodies,
          guppyfry_snake_entry_garden, basic_altar, roderic_batcave,
          st_stairs_3, uniq_rupert
Lair:4:   layout_regular_city, portal_ice_cave_entry_animals_and_master,
          minmay_shattered_shrine, infiniplex_staircase_pool_2
Lair:5:   hangedman_lair_in_review, layout_misc_corridors,
          hangedman_lair_caniforms_friends, slime_entry_1, worms_lemuel
Swamp:1:  cheibrodos_swamp_tower_of_moss, layout_basic_swamp,
          lemuel_altar_in_water, uniq_donald
Swamp:2:  layout_basic_swamp, nicolae_swamp_triple_paths
Swamp:3:  layout_basic_swamp, evilmike_swamp_ruin_house_3
Swamp:4:  grunt_swamp_rune_castle, layout_basic_swamp,
          nicolae_swamp_baby_hydras, uniq_louise
Orc:1:    layout_caves, minmay_orc_temple_c, uniq_nergalle
Orc:2:    st_orc_open, layout_diamond_mine, serial_shops, nicolae_shop_crystal,
          shop, shop, nicolae_shop_hallway_stairs, shop
Elf:1:    minmay_elf_arrival_plus, layout_geoelf_diagonals,
          minmay_elf_crystal_hexagon, amcnicky_mini_rare_corridor_liquid
Elf:2:    elven_hall_of_blades_hangedman_alternative [nicolae_blade_tridents],
          layout_onion_city, serial_shops, nicolae_shop_bloodbath_and_beyond,
          minmay_misc_feat_ornament
Elf:3:    minmay_elf_hall_hex, layout_geoelf_castle, serial_shops,
          nicolae_shop_waterfront, grunt_ministairs_12

Skill      XL: |  1  2  3  4  5  6  7  8  9 10 11 12 13 14 15 16 17 18 19 |
---------------+----------------------------------------------------------+-----
Axes           | 3 4 5 7 8 10 11 12 14 15 16 17 18 19 | 19.9
Fighting       | 4 5 6 7 8 9 10 12 13 14 15 16 17 18 | 18.9
Armour         | 4 5 6 7 8 10 11 12 13 14 15 16 17 | 17.2
Shields        | 4 5 6 7 8 10 11 12 13 14 15 16 17 | 17.1
Invocations    | 1 2 3 5 7 9 10 | 10.9
Dodging        | 1 4 5 7 8 9 |  9.2
Maces & Flails | 2 4 7 9 |  9.4

Action                     |  1- 3 |  4- 6 |  7- 9 | 10-12 | 13-15 | 16-18 | 19-21 || total
---------------------------+-------+-------+-------+-------+-------+-------+-------++-------
  Melee: War axe           |    61 |   161 |   236 |   466 |   376 |       |       ||  1300
         Broad axe         |       |       |       |       |   545 |   737 |   368 ||  1650
         Battleaxe         |       |       |       |       |    13 |       |       ||    13
  Throw: Dart              |     3 |    11 |    11 |    36 |    11 |     2 |     1 ||    75
         Throwing net      |       |       |     1 |     5 |       |       |       ||     6
 Invoke: Recall Undead Har |       |       |     2 |       |    12 |     5 |     2 ||    21
         Dark Bargain      |       |       |     3 |     3 |    15 |     8 |       ||    29
         Bind Soul         |       |       |       |       |     8 |     3 |     1 ||    12
  Evoke: Wand              |       |     1 |     8 |    19 |     7 |     5 |       ||    40
         Phantom mirror    |       |       |       |     1 |       |       |     1 ||     2
    Use: Scroll            |       |     6 |     8 |     6 |     7 |    17 |     9 ||    53
         Potion            |       |     3 |     1 |     6 |     4 |     8 |     1 ||    23
   Stab: Sleeping          |       |       |     2 |     1 |     2 |       |       ||     5
         Distracted        |       |       |     1 |     3 |    13 |     6 |     2 ||    25
         Held in net/web   |       |       |       |     2 |       |       |       ||     2
         Invisible         |       |       |       |     1 |       |     2 |       ||     3
         Petrified         |       |       |       |       |     8 |       |       ||     8
 Armour: Scale mail        |    15 |    90 |    98 |       |   120 |       |       ||   323
         Ring mail         |       |       |    54 |   261 |    95 |       |       ||   410
         Skin              |       |       |       |     9 |       |       |       ||     9
         Crystal plate arm |       |       |       |       |   449 |   383 |   227 ||  1059
  Dodge: Dodged            |    36 |    93 |   117 |   232 |   360 |   112 |    63 ||  1013
  Block: Buckler           |    14 |    48 |    69 |   169 |   255 |       |       ||   555
         Tower shield      |       |       |       |       |   138 |   540 |   287 ||   965
